SKY
LOS ANGELES DODGERS @ SAN FRANCISCO GIANTS
02/23/2052
 
TOP OF THE 1ST
Los Angeles Dodgers batting - Pitching for San Francisco Giants : LHP Andrew Walker
Pitching: LHP Andrew Walker
Batting: RHB Noah Summerville 0-0: Ground out 4-3 (Groundball, 4, EV 91.3 MPH)
Batting: RHB Christian LeTourneau 0-0: Ball
1-0: Called Strike
1-1: Ball
2-1: Ball
3-1: Foul Ball, location: 2F
3-2: Strikes out swinging
Batting: LHB Trent Veasey 0-0: Ball
1-0: Ball
2-0: Foul Ball, location: 3FF
2-1: Called Strike
2-2: Foul Ball, location: 3F
2-2: Ball
3-2: Base on Balls
Batting: RHB Storm Ellis 0-0: Called Strike
0-1: Foul Ball, location: 2F
0-2: Foul Ball, location: 9LSF
0-2: SINGLE (Flyball, 6MD, EV 93.8 MPH)
Trent Veasey to second
Runner from 2nd tries for 3rd, SAFE, throw by CF made to third
Batting: LHB Kerry Pietrzak 0-0: Called Strike
0-1: Called Strike
0-2: Ball
1-2: Foul Ball, location: 5F
1-2: Ground out 1-3 (Groundball, 13, EV 62.5 MPH)
Top of the 1st over - 0 runs, 1 hit, 0 errors, 2 left on base; Los Angeles 0 - San Francisco 0
BOTTOM OF THE 1ST
San Francisco Giants batting - Pitching for Los Angeles Dodgers : RHP Kason Faucher
Pitching: RHP Kason Faucher
Batting: RHB Kaiden Clackum 0-0: Foul Ball, location: 2F
0-1: Ground out 6-3 (Groundball, 6, EV 78.1 MPH)
Batting: RHB Brian Dowse 0-0: Ball
1-0: Ball
2-0: SINGLE (Groundball, 4MD, EV 103.1 MPH)
Batting: LHB Clifford Bills 0-0: Called Strike
0-1: Ball
1-1: Called Strike
1-2: SINGLE (Line Drive, 7S, EV 97.5 MPH)
Brian Dowse to second
Batting: RHB Peter Pollock 0-0: Swinging Strike
0-1: Swinging Strike
0-2: Strikes out swinging
Batting: RHB Ricky Castro 0-0: Swinging Strike
0-1: Ball
1-1: Foul Ball, location: 23F
1-2: Strikes out swinging
Bottom of the 1st over - 0 runs, 2 hits, 0 errors, 2 left on base; Los Angeles 0 - San Francisco 0
TOP OF THE 2ND
Los Angeles Dodgers batting - Pitching for San Francisco Giants : LHP Andrew Walker
Batting: RHB Isaac Joseph 0-0: Fly out, F4 (Popup, 4, EV 63.1 MPH)
Batting: RHB Jorge De La Paz 0-0: DOUBLE (Line Drive, 78D, EV 105.6 MPH)
Batting: LHB Andrew Sibold 0-0: Called Strike
0-1: Ball
1-1: SINGLE (Groundball, 25, EV 61.9 MPH) (infield hit)
Jorge De La Paz to third
Batting: RHB Anderson Burney 0-0: Swinging Strike
0-1: Ball
1-1: Grounds out, U3 (Groundball, 3L, EV 91.9 MPH)
Jorge De La Paz scores
Batting: RHB Noah Summerville 0-0: Ball
1-0: Swinging Strike
1-1: Ball
2-1: Foul Ball, location: 23FF
2-2: Ball
3-2: Foul Ball, location: 2F
3-2: Foul Ball, location: 2RF
3-2: Base on Balls
Batting: RHB Christian LeTourneau 0-0: Called Strike
0-1: Ball
1-1: Called Strike
1-2: SINGLE (Flyball, 5D, EV 93.8 MPH)
Andrew Sibold to third
Noah Summerville to second
Runner from 3rd tries for Home, SAFE, throw by LF to home
Pitching: LHP Neil Dunn
Batting: LHB Trent Veasey 0-0: Ball
1-0: Foul Ball, location: 5F
1-1: Foul Ball, location: 2F
1-2: Ground out 4-3 (Groundball, 4S, EV 80.0 MPH)
Top of the 2nd over - 2 runs, 3 hits, 0 errors, 2 left on base; Los Angeles 2 - San Francisco 0
BOTTOM OF THE 2ND
San Francisco Giants batting - Pitching for Los Angeles Dodgers : RHP Kason Faucher
Batting: RHB Conner Lear 0-0: Foul Ball, location: 9LMF
0-1: Called Strike
0-2: Foul Ball, location: 2F
0-2: Ball
1-2: Ball
2-2: Foul Ball, location: 25F
2-2: Fly out, F7 (Flyball, 78S, EV 83.8 MPH)
Batting: RHB Owen Ellis 0-0: Called Strike
0-1: Ground out 3-1 (Groundball, 34, EV 84.4 MPH)
Batting: SHB Nathanael Harrison 0-0: Ball
1-0: Ball
2-0: Called Strike
2-1: Foul Ball, location: 3DF
2-2: Foul Ball, location: 2F
2-2: Strikes out swinging
Bottom of the 2nd over - 0 runs, 0 hits, 0 errors, 0 left on base; Los Angeles 2 - San Francisco 0
TOP OF THE 3RD
Los Angeles Dodgers batting - Pitching for San Francisco Giants : LHP Neil Dunn
Batting: RHB Storm Ellis 0-0: Called Strike
0-1: Foul Ball, location: 9LMF
0-2: Ball
1-2: Ground out 6-3 (Groundball, 6, EV 81.9 MPH)
Batting: LHB Kerry Pietrzak 0-0: Ball
1-0: Called Strike
1-1: Ground out 5-3 (Groundball, 56, EV 88.8 MPH)
Batting: RHB Isaac Joseph 0-0: Called Strike
0-1: Foul Ball, location: 2F
0-2: Ball
1-2: Strikes out looking
Top of the 3rd over - 0 runs, 0 hits, 0 errors, 0 left on base; Los Angeles 2 - San Francisco 0
BOTTOM OF THE 3RD
San Francisco Giants batting - Pitching for Los Angeles Dodgers : RHP Kason Faucher
Batting: RHB Sebastian Schleusner 0-0: Ball
1-0: Called Strike
1-1: Ground out 6-3 (Groundball, 6, EV 84.4 MPH)
Batting: RHB Kaiden Clackum 0-0: Ball
1-0: Ball
2-0: Ball
3-0: Called Strike
3-1: Called Strike
3-2: Foul Ball, location: 9LDF
3-2: Fly out, F5 (Popup, 5F, EV 63.1 MPH)
Batting: RHB Brian Dowse 0-0: Called Strike
0-1: Ball
1-1: Ball
2-1: Swinging Strike
2-2: Strikes out looking
Bottom of the 3rd over - 0 runs, 0 hits, 0 errors, 0 left on base; Los Angeles 2 - San Francisco 0
TOP OF THE 4TH
Los Angeles Dodgers batting - Pitching for San Francisco Giants : LHP Neil Dunn
Pitching: RHP George Sheridan
Batting: RHB Jorge De La Paz 0-0: Fly out, F7 (Flyball, 7S, EV 88.8 MPH)
Batting: LHB Andrew Sibold 0-0: Ball
1-0: SINGLE (Groundball, 4S, EV 66.9 MPH) (infield hit)
Batting: RHB Anderson Burney 0-0: Ball
Pickoff Throw to First - Out! 1-3 CS
1-0: Called Strike
1-1: Foul Ball, location: 25FF
1-2: Ball
2-2: Ball
3-2: Foul Ball, location: 9LDF
3-2: DOUBLE (Line Drive, 5D, EV 95.6 MPH)
Batting: RHB Noah Summerville 0-0: Ball
1-0: Called Strike
1-1: Called Strike
1-2: Ground out 5-3 (Groundball, 56, EV 80.0 MPH)
Top of the 4th over - 0 runs, 2 hits, 0 errors, 1 left on base; Los Angeles 2 - San Francisco 0
BOTTOM OF THE 4TH
San Francisco Giants batting - Pitching for Los Angeles Dodgers : RHP Kason Faucher
Batting: LHB Clifford Bills 0-0: Reached on error, E4 (Groundball, 4, EV 82.5 MPH)
Batting: RHB Peter Pollock 0-0: Called Strike
Clifford Bills is caught stealing 2nd base 2-4
0-1: Ball
1-1: Foul Ball, location: 23F
1-2: SINGLE (Groundball, P, EV 81.3 MPH) (infield hit)
Batting: RHB Ricky Castro 0-0: Ball
1-0: SINGLE (Groundball, 13, EV 88.8 MPH) (infield hit)
Peter Pollock to second
Batting: RHB Conner Lear 0-0: Called Strike
Peter Pollock is caught stealing 3rd base 2-5
Ricky Castro to second
0-1: Fly out, F6 (Popup, 6S, EV 63.1 MPH)
Bottom of the 4th over - 0 runs, 2 hits, 1 error, 1 left on base; Los Angeles 2 - San Francisco 0
TOP OF THE 5TH
Los Angeles Dodgers batting - Pitching for San Francisco Giants : RHP George Sheridan
Pitching: LHP Crispin Denham
Now at 3B: Theodore Phu
Now in LF: Roland Dollhouse
Batting: RHB Christian LeTourneau 0-0: Ball
1-0: Ground out 6-3 (Groundball, 6, EV 82.5 MPH)
Batting: LHB Trent Veasey 0-0: Ball
1-0: Ball
2-0: Ball
3-0: Called Strike
3-1: Base on Balls
Batting: RHB Storm Ellis 0-0: Foul Ball, location: 9LDF
0-1: Reached on error, E3 (Groundball, 3S, EV 66.9 MPH)
Trent Veasey to second
Batting: LHB Kerry Pietrzak 0-0: Ball
1-0: Foul Ball, location: 5FF
1-1: Ball
2-1: Foul Ball, location: 7LMF
2-2: Strikes out swinging
Batting: RHB Isaac Joseph 0-0: Ball
1-0: Ball
2-0: Ball
3-0: Called Strike
3-1: Foul Ball, location: 25F
3-2: SINGLE (Groundball, 34S, EV 70.6 MPH) (infield hit)
Trent Veasey to third
Storm Ellis to second
Batting: RHB Jorge De La Paz 0-0: Ball
1-0: Ball
2-0: Ball
3-0: Called Strike
3-1: Foul Ball, location: 2F
3-2: Strikes out swinging
Top of the 5th over - 0 runs, 1 hit, 1 error, 3 left on base; Los Angeles 2 - San Francisco 0
BOTTOM OF THE 5TH
San Francisco Giants batting - Pitching for Los Angeles Dodgers : RHP Kason Faucher
Now at 1B: Ray Fernández
Now at SS: Logan Begin
Now in LF: Vicente Beltre
Now in CF: Matt Weber
Batting: RHB Owen Ellis 0-0: Ball
1-0: Called Strike
1-1: Fly out, F7 (Flyball, 7S, EV 90.6 MPH)
Batting: SHB Nathanael Harrison 0-0: Ball
1-0: Foul Ball, location: 2F
1-1: Ball
2-1: Fly out, F4 (Line Drive, 4, EV 61.9 MPH)
Batting: RHB Sebastian Schleusner 0-0: Called Strike
0-1: DOUBLE (Line Drive, 9LM, EV 93.1 MPH)
Pinch Hitting: LHB Henry Coleman 0-0: Foul Ball, location: 2F
0-1: Called Strike
0-2: Foul Ball, location: 2F
0-2: Ball
1-2: Ball
2-2: Foul Ball, location: 2F
2-2: Ball
3-2: Foul Ball, location: 7LDF
3-2: Ground out U3 (Groundball, 3, EV 85.6 MPH)
Bottom of the 5th over - 0 runs, 1 hit, 0 errors, 1 left on base; Los Angeles 2 - San Francisco 0
TOP OF THE 6TH
Los Angeles Dodgers batting - Pitching for San Francisco Giants : LHP Crispin Denham
Pitching: RHP Tully Zach
Now at 1B: Rhett Damewood
Now in CF: Henry Coleman
Batting: RHB Matt Weber 0-0: Ball
1-0: Ground out 4-3 (Groundball, 4, EV 98.8 MPH)
Pinch Hitting: RHB Benjamin Wilkins 0-0: Ground out 6-3 (Groundball, 6, EV 86.9 MPH)
Batting: LHB Ray Fernández 0-0: Called Strike
0-1: Ball
1-1: Ball
2-1: Called Strike
2-2: Foul Ball, location: 2F
2-2: Ground out U3 (Groundball, 34, EV 88.8 MPH)
Top of the 6th over - 0 runs, 0 hits, 0 errors, 0 left on base; Los Angeles 2 - San Francisco 0
BOTTOM OF THE 6TH
San Francisco Giants batting - Pitching for Los Angeles Dodgers : RHP Kason Faucher
Pitching: LHP Brien Nava
Now at 2B: Logan Begin
Now at 3B: Jacob Jones
Now at SS: Benjamin Wilkins
Batting: RHB Brian Dowse 0-0: Foul Ball, location: 5SF
0-1: Called Strike
0-2: Foul Ball, location: 2F
0-2: Ball
1-2: Strikes out looking
Batting: RHB Theodore Phu 0-0: Ball
1-0: Ball
2-0: Ball
3-0: Called Strike
3-1: Called Strike
3-2: Foul Ball, location: 2LF
3-2: Foul Ball, location: 3F
3-2: Strikes out swinging
Batting: LHB Roland Dollhouse 0-0: Ball
1-0: Swinging Strike
1-1: Ball
2-1: Ground out 6-3 (Groundball, 6M, EV 103.8 MPH)
Bottom of the 6th over - 0 runs, 0 hits, 0 errors, 0 left on base; Los Angeles 2 - San Francisco 0
TOP OF THE 7TH
Los Angeles Dodgers batting - Pitching for San Francisco Giants : RHP Tully Zach
Pitching: LHP Arturo Frank
Batting: SHB Logan Begin 0-0: Swinging Strike
0-1: Ball
1-1: Called Strike
1-2: Foul Ball, location: 5FF
1-2: Ball
2-2: Strikes out looking
Batting: LHB Trent Veasey 0-0: Ball
1-0: Foul Ball, location: 2F
1-1: Ball
2-1: Called Strike
2-2: Strikes out swinging
Batting: RHB Storm Ellis 0-0: Ball
1-0: SINGLE (Flyball, 7LS, EV 97.5 MPH)
Batting: RHB Vicente Beltre 0-0: Foul Ball, location: 3F
0-1: Ball
1-1: Foul Ball, location: 9LSF
1-2: Fly out, F8 (Flyball, 8RM, EV 93.8 MPH)
Top of the 7th over - 0 runs, 1 hit, 0 errors, 1 left on base; Los Angeles 2 - San Francisco 0
BOTTOM OF THE 7TH
San Francisco Giants batting - Pitching for Los Angeles Dodgers : LHP Brien Nava
Pitching: LHP Edgar Owens
Now at C: Ramiro Paramo
Now in RF: Patrick Abshire
Pinch Hitting: RHB Zavier Austin 0-0: Swinging Strike
0-1: Ball
1-1: Fly out, F7 (Flyball, 7D, EV 100.0 MPH)
Batting: RHB Jackson Maul 0-0: Swinging Strike
0-1: DOUBLE (Line Drive, 78M, EV 107.5 MPH)
Batting: RHB Rhett Damewood 0-0: Ball
1-0: Ball
2-0: Ball
3-0: Called Strike
3-1: Called Strike
3-2: DOUBLE (Groundball, 5L, EV 101.3 MPH)
Jackson Maul scores
Pinch Hitting: RHB Nicky Rau 0-0: Ball
1-0: Ground out 5-3 (Groundball, 5L, EV 90.0 MPH)
Pinch Hitting: SHB Elías Saucedo 0-0: Called Strike
0-1: Ball
1-1: Ball
2-1: Called Strike
2-2: Strikes out swinging
Bottom of the 7th over - 1 run, 2 hits, 0 errors, 1 left on base; Los Angeles 2 - San Francisco 1
TOP OF THE 8TH
Los Angeles Dodgers batting - Pitching for San Francisco Giants : LHP Arturo Frank
Pitching: RHP Savino Santiago
Now at 2B: Nicky Rau
Now at SS: Elías Saucedo
Now in RF: Zavier Austin
Batting: RHB Patrick Abshire 0-0: Ball
1-0: Ground out 6-3 (Groundball, 6M, EV 102.5 MPH)
Batting: LHB Jacob Jones 0-0: Called Strike
0-1: Ball
1-1: Ball
2-1: Foul Ball, location: 3FF
2-2: Fly out, F9 (Flyball, 89S, EV 93.8 MPH)
Batting: RHB Matt Weber 0-0: Foul Ball, location: 2LF
0-1: Ball
1-1: SINGLE (Line Drive, 6MD, EV 98.8 MPH)
Batting: RHB Benjamin Wilkins 0-0: Ball
Matt Weber is caught stealing 2nd base 2-4
Top of the 8th over - 0 runs, 1 hit, 0 errors, 0 left on base; Los Angeles 2 - San Francisco 1
BOTTOM OF THE 8TH
San Francisco Giants batting - Pitching for Los Angeles Dodgers : LHP Edgar Owens
Pitching: RHP Nick Thompson
Now in LF: Griffin Johnston
Now in RF: Vicente Beltre
Batting: LHB Henry Coleman 0-0: Swinging Strike
0-1: Called Strike
0-2: Foul Ball, location: 2F
0-2: Ball
1-2: DOUBLE (Line Drive, 7LM, EV 103.1 MPH)
Pinch Hitting: RHB Nolan Peterson 0-0: Called Strike
0-1: Foul Ball, location: 2F
0-2: Ball
1-2: Fly out, F9 (Line Drive, 9, EV 79.4 MPH)
Batting: RHB Theodore Phu 0-0: Called Strike
0-1: Swinging Strike
0-2: Strikes out looking
Batting: LHB Roland Dollhouse 0-0: Ball
1-0: SINGLE (Line Drive, 7S, EV 111.3 MPH)
Henry Coleman to third
Runner from 3rd tries for Home, SAFE, throw by LF to home
Pinch Hitting: LHB Jeff Edelman 0-0: Ball
Roland Dollhouse steals 2nd base
1-0: Ball
2-0: Ball
3-0: Called Strike
3-1: Fly out, F9 (Flyball, 9S, EV 94.4 MPH)
Bottom of the 8th over - 1 run, 2 hits, 0 errors, 1 left on base; Los Angeles 2 - San Francisco 2
TOP OF THE 9TH
Los Angeles Dodgers batting - Pitching for San Francisco Giants : RHP Savino Santiago
Pitching: RHP Isaac Beatty
Now at C: Andy Gothier
Now in RF: Ray Gettelfinger
Batting: RHB Benjamin Wilkins 0-0: Called Strike
0-1: Swinging Strike
0-2: Fly out, F9 (Line Drive, 9, EV 90.0 MPH)
Batting: LHB Ray Fernández 0-0: Ball
1-0: Foul Ball, location: 9LSF
1-1: DOUBLE (Line Drive, 78M, EV 110.0 MPH)
Batting: SHB Logan Begin 0-0: Ball
1-0: Foul Ball, location: 2F
1-1: Ball
2-1: SINGLE (Groundball, 6S, EV 85.6 MPH)
Ray Fernández to third
Pinch Hitting: LHB Roberto Gómez 0-0: Ball
1-0: Fielders Choice at home, 4-2 (Groundball, 34, EV 101.9 MPH)
Logan Begin to second
Batting: RHB Storm Ellis 0-0: Swinging Strike
0-1: Swinging Strike
0-2: Ball
1-2: Strikes out swinging
Top of the 9th over - 0 runs, 2 hits, 0 errors, 2 left on base; Los Angeles 2 - San Francisco 2
BOTTOM OF THE 9TH
San Francisco Giants batting - Pitching for Los Angeles Dodgers : RHP Nick Thompson
Pitching: RHP Will Fontaine
Now at C: Ian Saucedo
Batting: RHB Jackson Maul 0-0: Called Strike
0-1: Reached via error on a dropped throw from 2B, E3 (Groundball, 4, EV 105.6 MPH)
Batting: RHB Rhett Damewood 0-0: Called Strike
0-1: Ball
Jackson Maul is caught stealing 2nd base 2-4
1-1: Called Strike
1-2: Ball
2-2: Ground out 5-3 (Groundball, 56S, EV 66.9 MPH)
Pinch Hitting: SHB Cole Blake 0-0: Foul Ball, location: 2RF
0-1: Called Strike
0-2: Ball
1-2: SINGLE (Line Drive, 6D, EV 95.6 MPH)
Batting: SHB Elías Saucedo 0-0: Ground out 4-3 (Groundball, 4, EV 79.4 MPH)
Bottom of the 9th over - 0 runs, 1 hit, 1 error, 1 left on base; Los Angeles 2 - San Francisco 2
Saturday, April 13th , 2024 - OOTP Baseball 24.11 Build 85